 Dungeon Crawl Stone Soup version 0.28-a0-10-g964c8b829e (webtiles) character file.

Game seed: 11856123232298668449

15764 sinrakin the Thaumaturge (level 12, -6/59 HPs)
             Began as a Deep Elf Fire Elementalist on July 26, 2021.
             Was a Believer of Vehumet.
             Shot with an arrow by a centaur warrior (22 damage)
             ... on level 11 of the Dungeon.
             The game lasted 01:31:32 (16858 turns).

sinrakin the Thaumaturge (DEFE)                    Turns: 16858, Time: 01:31:33

Health: -6/59      AC:  9    Str:  5    XL:     12   Next: 4%
Magic:  30/40      EV: 13    Int: 26    God:    Vehumet [**....]
Gold:   564        SH:  0    Dex: 15    Spells: 22/38 levels left

rFire   . . .      SeeInvis .   B - staff of fire
rCold   + . .      Faith    .   (no shield)
rNeg    . . .      Spirit   .   C - +0 steam dragon scales
rPois   .          Reflect  .   v - +0 hat {Will+}
rElec   .          Harm     .   s - +2 cloak {Stlth+}
rCorr   .          Rampage  .   p - +0 pair of gloves
Will    +++..                   (no boots)
Stlth   ++++......              (no amulet)
HPRegen 0.19/turn               A - ring "Caahoixo" {rF- rC+ Will+ MP+9}
MPRegen 0.27/turn               (no ring)

@: about to teleport
A: no striking features
a: Renounce Religion


You were on level 11 of the Dungeon.
You worshipped Vehumet.
Vehumet was pleased with you.
You visited 2 branches of the dungeon, and saw 12 of its levels.

You collected 564 gold pieces.

Inventory:

Hand Weapons
 c - a +0 short sword
 h - a +0 quarterstaff
 m - a +6 dagger of flaming
 r - a +5 quarterstaff of chaos
 y - a +0 trident
Missiles
 f - 290 stones
 o - 61 poisoned darts (quivered)
 t - 2 boomerangs
 F - 5 throwing nets
 J - 2 silver boomerangs
 L - a curare-tipped dart
Armour
 a - a +0 robe
 p - a +0 pair of gloves (worn)
 s - a +2 cloak of stealth (worn)
 v - a +0 hat of willpower (worn)
 C - +0 steam dragon scales (worn)
Magical Staves
 n - a staff of poison
 B - a staff of fire (weapon)
Jewellery
 A - the ring "Caahoixo" (left hand) {rF- rC+ Will+ MP+9}
   (You acquired it on level 2 of the Dungeon)

   [ring of magical power]

   rF:        It makes you vulnerable to fire.
   rC:        It protects you from cold.
   MP:        It affects your magic capacity (+9).
   Will:      It increases your willpower.
 M - an amulet of regeneration
Wands
 w - a wand of iceblast (32)
 D - a wand of acid (13)
 G - a wand of flame (15)
 H - a wand of digging (13)
 P - a wand of paralysis (5)
Scrolls
 b - 2 scrolls of fear
 d - 5 scrolls of teleportation
 i - 4 scrolls of magic mapping
 l - 3 scrolls of amnesia
 N - 2 scrolls of silence
Potions
 e - 2 potions of might
 g - a potion of ambrosia
 j - a potion of resistance
 k - 3 potions of curing
 q - 2 potions of brilliance {unknown}
 u - a potion of lignification
 x - 3 potions of mutation
 z - 4 potions of degeneration {unknown}
 E - 2 potions of magic {unknown}
 I - 2 potions of heal wounds {unknown}
 K - 2 potions of haste {unknown}


   Skills:
 + Level 0.2 Fighting
 + Level 2.2 Staves
 + Level 1.5 Throwing
 + Level 4.2 Dodging
 + Level 5.8 Stealth
 + Level 13.8 Spellcasting
 + Level 11.4 Conjurations
 + Level 0.7 Hexes
 + Level 12.5 Fire Magic


You had 22 spell levels left.
You knew the following spells:

 Your Spells              Type           Power      Damage    Failure   Level
a - Foxfire               Conj/Fire      100%       2x1d9     1%          1
b - Conjure Flame         Conj/Fire      88%        6-21      1%          3
c - Inner Flame           Hex/Fire       68%        N/A       1%          3
d - Sticky Flame          Conj/Fire      88%        2d10      1%          4
e - Fireball              Conj/Fire      44%        3d18      1%          5

Your spell library contained the following spells:

 Spells                   Type           Power      Damage    Failure   Level
 Static Discharge         Conj/Air       47%        N/A       1%          2
 Beastly Appendage        Tmut           34%        N/A       3%          1
 Slow                     Hex            21%        N/A       3%          2
 Sublimation of Blood     Necr           8%         N/A       4%          2
 Wereblood                Tmut           17%        N/A       4%          2
 Confusing Touch          Hex            21%        N/A       7%          3
 Irradiate                Conj/Tmut      23%        3d21      9%          5
 Spider Form              Tmut/Pois      8%         N/A       10%         3
 Petrify                  Tmut/Erth      17%        N/A       30%         4
 Yara's Violent Unravell  Hex/Tmut       9%         3d6       58%         5


Dungeon Overview and Level Annotations

Branches:
Dungeon (11/15)            Temple (1/1) D:7
   Lair: D:8-11         Orc: D:9-12

Altars:
Ashenzari
Cheibriados
Dithmenos
Elyvilon
Fedhas
Gozag
Makhleb
Okawaru
Ru
Vehumet
Yredelemnul
Zin
The Shining One

Shops:
D:2 =**   D:3 [   D:4 [   D:8 ?

Annotations:
D:6 exclusion: oklob plant


Message History

Casting: Fireball (dangerous; 1% risk of failure)
Confirm with . or Enter, or press ? or * to list all spells.
Aiming: Fireball (dangerous; 1% risk of failure)
Press: ? - help, Shift-Dir - straight line You feel a surge of power!
The fireball explodes!
The fireball engulfs the six-headed hydra!!
The six-headed hydra is almost dead.
Casting: Fireball (dangerous; 1% risk of failure)
Confirm with . or Enter, or press ? or * to list all spells.
Aiming: Fireball (dangerous; 1% risk of failure)
Press: ? - help, Shift-Dir - straight line You feel a surge of power!
The fireball explodes!
The fireball engulfs the six-headed hydra!!
You kill the six-headed hydra!
Vehumet accepts your kill.
You feel your power returning.
You hear a shout!
You have reached level 12!
Your experience leads to an increase in your attributes!
Increase (S)trength, (I)ntelligence, or (D)exterity?
You feel clever. x2
You start resting.
A centaur warrior comes into view.
It is wielding the +4 falchion of Wounding {vamp, +Blink Str+3 Int-5}.
Casting: Fireball (dangerous; 1% risk of failure)
Confirm with . or Enter, or press ? or * to list all spells.
You can't see any susceptible monsters within range! (Use Z to cast anyway.)
The centaur warrior unwields the +4 falchion of Wounding {vamp, +Blink Str+3 Int-5}.
The centaur warrior wields a +0 shortbow.
The centaur warrior shoots an arrow.
The arrow hits you!!
The centaur warrior shoots an arrow.
The arrow hits you!
The centaur warrior shoots an arrow.
The arrow hits you.
The centaur warrior shoots an arrow.
The arrow misses you.
Things that are here:
a +0 troll leather armour; a troll skeleton
As you read the scroll of teleportation, it crumbles to dust.
You feel strangely unstable.
The centaur warrior shoots an arrow.
The arrow hits you.
* * * LOW HITPOINT WARNING * * *
The centaur warrior shoots an arrow.
The arrow hits you!!
You die...

#...#.#
#.#.#.#
#.#.#.#####.#
#.#.........#
#.#.#.####..#
###...#.#
.##..#.#
.##..÷#
.##@)# #.#..#
#.#[.# #....#
#.#..####
#.#.....#
.##..##.#
.##†c.##.#
.##....##.#


You could see a centaur warrior.

Vanquished Creatures
  Harold (D:7)
  A hydra (D:11)
  A boulder beetle (D:11)
  3 two-headed ogres
  A manticore (D:11)
  Maggie (D:6)
  2 komodo dragons (D:11)
  2 trolls
  Grinder (D:6)
  2 shadows (D:11)
  A wraith (D:11)
  A vampire (D:11)
  3 wyverns
  26 yaks
  Grum (D:8)
  A vampire mosquito (D:11)
  Eustachio (D:5)
  Menkaure (D:5)
  Edmund (D:6)
  An acid dragon (D:10)
  3 water moccasins
  Duvessa (D:6)
  2 orc warriors
  An ice beast (D:6)
  An ogre (D:5)
  4 black bears
  A necrophage (D:7)
  2 centaurs
  3 wolves (D:8)
  2 kobold brigands (D:9)
  Dowan (D:6)
  A wyvern skeleton (D:6)
  4 scorpions
  4 wights (D:6)
  2 howler monkeys
  5 centaur zombies
  6 jellies (D:6)
  3 orc priests
  Crazy Yiuf (D:3)
  2 centaur skeletons (D:4)
  6 hounds
  2 bullfrog skeletons (D:6)
  Jessica (D:3)
  2 iguanas
  10 orc wizards
  2 killer bee zombies
  3 howler monkey zombies
  3 adders
  2 howler monkey skeletons
  A white imp (D:9)
  2 ufetubi
  An adder skeleton (D:4)
  4 worms
  2 dart slugs
  28 orcs
  14 endoplasms
  5 giant cockroaches
  6 goblins
  8 hobgoblins
  5 jackals
  16 kobolds
  7 quokkas
  4 ball pythons
  3 bats
  2 frilled lizards (D:1)
  3 rats (D:1)
243 creatures vanquished.

Vanquished Creatures (collateral kills)
  15 foxfires (D:3)
15 creatures vanquished.

Vanquished Creatures (others)
  493 foxfires
  8 fungi (D:6)
  2 plants (D:3)
503 creatures vanquished.

Grand Total: 761 creatures vanquished

Notes
Turn   | Place    | Note
-------+----------+-------------------------------------------
     0 | D:1      | sinrakin the Deep Elf Fire Elementalist began the quest for
                  | the Orb.
     0 | D:1      | Reached XP level 1. HP: 10/10 MP: 6/6
   186 | D:1      | Reached XP level 2. HP: 15/15 MP: 4/8
  1035 | D:1      | Reached XP level 3. HP: 19/19 MP: 7/10
  1472 | D:2      | Learned a level 3 spell: Conjure Flame
  1476 | D:2      | Learned a level 3 spell: Inner Flame
  1536 | D:2      | Reached skill level 4 in Spellcasting
  1648 | D:2      | Found Socita's General Store.
  1656 | D:2      | Found Giasow's Jewellery Shoppe.
  1760 | D:2      | Found Lutes's Assorted Antiques.
  2102 | D:3      | Found Zuegudyd's Antique Armour Boutique.
  2112 | D:3      | Reached XP level 4. HP: 24/24 MP: 9/12
  2136 | D:3      | Learned a level 4 spell: Sticky Flame
  2193 | D:3      | Found a glowing silver altar of Zin.
  2890 | D:3      | Noticed Jessica
  2895 | D:3      | Killed Jessica
  3092 | D:3      | Reached XP level 5. HP: 28/28 MP: 11/13
  3200 | D:3      | Found a runed translucent door.
  3201 | D:3      | Noticed Crazy Yiuf
  3459 | D:3      | Killed Crazy Yiuf
  3911 | D:4      | Found Jeocaqum's Armour Shoppe.
  4086 | D:4      | Reached XP level 6. HP: 32/32 MP: 5/15
  4114 | D:4      | Reached skill level 5 in Fire Magic
  4198 | D:4      | Reached skill level 5 in Spellcasting
  5162 | D:5      | Entered Level 5 of the Dungeon
  5179 | D:5      | Noticed Menkaure
  5187 | D:5      | Killed Menkaure
  5462 | D:5      | Reached XP level 7. HP: 36/36 MP: 13/17
  5704 | D:5      | Reached skill level 6 in Spellcasting
  5981 | D:5      | Learned a level 5 spell: Fireball
  6031 | D:5      | Noticed Eustachio
  6046 | D:5      | Killed Eustachio
  6303 | D:5      | Reached skill level 7 in Spellcasting
  6308 | D:5      | Reached XP level 8. HP: 41/41 MP: 6/20
  7289 | D:6      | Identified a scroll of acquirement
  7289 | D:6      | Acquired a +0 hat of willpower
  7321 | D:6      | Noticed Edmund
  7325 | D:6      | Noticed Grinder
  7329 | D:6      | Paralysed by Grinder for 2 turns
  7332 | D:6      | Killed Edmund
  7333 | D:6      | Reached skill level 5 in Conjurations
  7714 | D:6      | Noticed Duvessa
  7715 | D:6      | Noticed Dowan
  7717 | D:6      | Killed Duvessa
  7718 | D:6      | Reached skill level 8 in Spellcasting
  7721 | D:6      | Killed Dowan
  7962 | D:6      | Paralysed by Grinder for 2 turns
  7965 | D:6      | Killed Grinder
  8251 | D:6      | Reached XP level 9. HP: 45/45 MP: 19/23
  8442 | D:6      | Reached skill level 9 in Spellcasting
  8656 | D:6      | Found a blossoming altar of Fedhas.
  8850 | D:6      | Noticed an oklob plant
  8854 | D:6      | Noticed Maggie
  8863 | D:6      | Killed Maggie
  8864 | D:6      | Reached skill level 1 in Throwing
  8877 | D:6      | Reached skill level 1 in Staves
  9362 | D:6      | Found a basalt altar of Yredelemnul.
  9696 | D:7      | Acquired a staff of fire
  9882 | D:7      | Reached skill level 10 in Spellcasting
  9951 | D:7      | Found a staircase to the Ecumenical Temple.
  9951 | D:7      | Noticed Harold
  9961 | Temple   | Entered the Ecumenical Temple
  9986 | Temple   | Became a worshipper of Vehumet
 10169 | D:7      | Killed Harold
 10170 | D:7      | Reached XP level 10. HP: 50/50 MP: 5/26
 11569 | D:2      | Acquired the ring "Caahoixo" {rF- rC+ Will+ MP+9}
 11946 | D:8      | Found a white marble altar of Elyvilon.
 11967 | D:8      | Noticed Grum
 11970 | D:8      | Killed Grum
 12207 | D:8      | Reached skill level 5 in Stealth
 12209 | D:8      | Reached skill level 11 in Spellcasting
 12209 | D:8      | Reached skill level 10 in Fire Magic
 12565 | D:8      | Found Xealirap's Magic Scroll Shoppe.
 13188 | D:8      | Found an iron altar of Okawaru.
 13194 | D:8      | Found a broken altar of Ashenzari.
 13388 | D:8      | Found a shadowy altar of Dithmenos.
 13398 | D:8      | Found an opulent altar of Gozag.
 13488 | D:9      | Reached * piety under Vehumet
 13488 | D:9      | Offered knowledge of Freeze by Vehumet.
 14221 | D:9      | Reached skill level 12 in Spellcasting
 14221 | D:9      | Reached XP level 11. HP: 54/54 MP: 19/29
 14510 | D:9      | Offered knowledge of Static Discharge by Vehumet.
 14913 | D:10     | Entered Level 10 of the Dungeon
 14913 | D:10     | Noticed a two-headed ogre
 14915 | D:10     | Killed a two-headed ogre
 15099 | D:10     | Reached ** piety under Vehumet
 15100 | D:10     | Reached skill level 10 in Conjurations
 15591 | D:10     | Noticed a two-headed ogre
 15594 | D:10     | Killed a two-headed ogre
 15984 | D:11     | Reached skill level 13 in Spellcasting
 16262 | D:11     | Noticed a two-headed ogre
 16266 | D:11     | Killed a two-headed ogre
 16288 | D:11     | Noticed a boulder beetle
 16358 | D:11     | Killed a boulder beetle
 16529 | D:11     | Identified the +6 hand axe "Zutafuf" {vorpal, rF+}
 16842 | D:11     | Noticed a six-headed hydra
 16845 | D:11     | Killed a six-headed hydra
 16846 | D:11     | Reached XP level 12. HP: 59/59 MP: 26/31
 16848 | D:11     | Identified the +4 falchion of Wounding {vamp, +Blink Str+3
                  | Int-5}
 16848 | D:11     | Noticed a centaur warrior
 16858 | D:11     | Shot with an arrow by a centaur warrior

Illustrated notes

Levels and vault maps discovered:
D:1:      tarquinn_simple_flora_water_c, layout_loops_ring
D:2:      layout_loops_ring, serial_shops, shop, shop_fountains, shop
D:3:      layout_loops_ring, mainiacjoe_overflow_small_starburst, serial_shops,
          nicolae_shop_statue_plus, serial_forest, infiniplex_forest_straight_2,
          infiniplex_forest_pool, infiniplex_forest_straight_4,
          infiniplex_forest_fountain, infiniplex_forest_zigzag_2,
          infiniplex_forest_clump_long, infiniplex_forest_lined_room_3,
          infiniplex_forest_end_double, lightli_corner_chamber, uniq_jessica,
          uniq_crazy_yiuf_cottage
D:4:      layout_layer_cave, serial_shops, shop
D:5:      layout_layer_cave, uniq_eustachio, uniq_menkaure
D:6:      lemuel_slime, layout_basic, nicolae_overflow_hidden_temple,
          mainiacjoe_overflow_surrounded_room, uniq_maggie, uniq_edmund,
          uniq_duvessa, uniq_grinder
D:7:      layout_loops_corners, minmay_temple_entry_ruins, serial_aquarium,
          aquarium_bridge_square [aquarium_subvault_bridge,
          aquarium_subvault_wall, aquarium_subvault_bridge,
          aquarium_subvault_wall], aquarium_window_fake, aquarium_window_2,
          aquarium_window_3, aquarium_window_corner, aquarium_view_2c,
          aquarium_balcony_3b, aquarium_pool_corner, uniq_harold
D:8:      layout_loops_ring, minitemple, grunt_temple_overflow_open,
          elyvilon_altar_4, serial_shops, kennysheep_mini, nrook_campfire,
          uniq_grum
D:9:      layout_rooms, minmay_fire_ice_demons
D:10:     layout_long_grid, minmay_quadrilaterals
D:11:     minmay_the_grid_octo_tiled_squarecenter
          [minmay_the_grid_octo_clover_2, minmay_the_grid_octo_concentric,
          minmay_the_grid_octo_fan_narrow, minmay_the_grid_octo_teeth,
          minmay_the_grid_square_5x5_megaprize_crossed,
          minmay_the_grid_square_5x5_inverted_slash,
          minmay_the_grid_square_5x5_percent,
          minmay_the_grid_square_5x5_two_walls_a,
          minmay_the_grid_square_5x5_shrine2], layout_basic, lair_entry_dummy,
          minmay_orc_entry_temple_small, kennysheep_orc_sif_temple
Temple:   jpeg_temple_clearing

Skill      XL: |  1  2  3  4  5  6  7  8  9 10 11 |
---------------+----------------------------------+-----
Stealth        | 3 4 5 |  5.8
Spellcasting   | 4 5 7 8 10 12 13 | 13.8
Conjurations   | 2 3 4 6 8 9 11 | 11.4
Fire Magic     | 4 5 6 8 9 11 12 | 12.5
Dodging        | 3 4 |  4.2
Throwing       | 1 |  1.5
Staves         | 1 2 |  2.2
Fighting       | |  0.2
Hexes          | |  0.7

Action                   |  1- 3 |  4- 6 |  7- 9 | 10-12 || total
-------------------------+-------+-------+-------+-------++-------
Melee: Dagger            |       |     1 |       |       ||     1
       Quarterstaff      |       |     7 |     9 |       ||    16
       Staff             |       |       |     3 |     9 ||    12
Throw: Dart              |       |       |    12 |       ||    12
 Cast: Foxfire           |    74 |    97 |   117 |    22 ||   310
       Conjure Flame     |     1 |     2 |     8 |     2 ||    13
       Sticky Flame      |       |     4 |    13 |    14 ||    31
       Fireball          |       |       |    31 |   118 ||   149
       Inner Flame       |       |       |       |     1 ||     1
  Use: Scroll            |     5 |     4 |    10 |     6 ||    25
Armor: Robe              |     8 |    21 |     8 |       ||    37
       Steam dragon scal |       |       |     6 |    19 ||    25
Dodge: Dodged            |    12 |     4 |    36 |    25 ||    77

Table legend: (Time is in decaauts)
 A = Elapsed time spent in this place.
 B = Non-inter-level travel time spent in this place.
 C = Inter-level travel time spent in this place.
 D = Time resting spent in this place.
 E = Time spent auto-exploring this place.
 F = Levels seen in this place.
 G = Mean time per level.
                   A        B        C        D        E       F      G
               +--------+--------+--------+--------+--------+-----+--------+
         Total |  16876 |  15382 |   1494 |   5601 |   7845 |  12 | 1406.3 |
       Dungeon |  16754 |  15278 |   1476 |   5532 |   7824 |  11 | 1523.1 |
        Temple |    122 |    104 |     18 |     69 |     21 |   1 |  122.0 |
               +--------+--------+--------+--------+--------+-----+--------+

Top non-repeatable levels by time:
     D:6: 2355 daAuts
     D:5: 2186 daAuts
     D:8: 1842 daAuts
     D:7: 1834 daAuts
     D:4: 1730 daAuts
     D:3: 1682 daAuts
     D:1: 1300 daAuts
    D:10: 1119 daAuts
     D:9: 956 daAuts
     D:2: 918 daAuts
    D:11: 826 daAuts
  Temple: 122 daAuts
